 Dungeon Crawl Stone Soup version 0.28-a0-1613-gdaab1c2f9b (webtiles) character file.

Game seed: 7190353470013092622

2220 riojii the Grappler (level 9, -13/78 HPs)
             Began as a Ghoul Monk on Jan 21, 2022.
             Was a Believer of Makhleb.
             Mangled by a two-headed ogre (14 damage)
             ... on level 7 of the Dungeon.
             The game lasted 00:14:13 (9386 turns).

riojii the Grappler (Ghoul Monk)                    Turns: 9386, Time: 00:14:13

Health: -13/78     AC: 11    Str: 24 (25) XL:     9   Next: 35%
Magic:  0/8        EV:  9    Int:  8 (11) God:    Makhleb [**....]
Gold:   389        SH:  0    Dex:  9 (11) Spells: 8/8 levels left

rFire   . . .      SeeInvis .     - Unarmed
rCold   + . .      Faith    .   (no shield)
rNeg    + + +      Spirit   +   d - +0 chain mail
rPois   ∞          Reflect  .   c - +1 helmet
rElec   .          Harm     .   (no cloak)
rCorr   .          Rampage  .   (no gloves)
Will    .....                   (no boots)
Stlth   ..........              m - amulet of guardian spirit
HPRegen 0.00/turn               l - +6 ring of strength
MPRegen 0.11/turn               q - +6 ring of intelligence

@: inhibited regen
A: claws 1, cold resistance 1, negative energy resistance 3, inhibited
regeneration, torment resistance 2
a: Renounce Religion, Minor Destruction


You were on level 7 of the Dungeon.
You worshipped Makhleb.
Makhleb was pleased with you.
You visited 2 branches of the dungeon, and saw 9 of its levels.

You collected 389 gold pieces.

Inventory:

Missiles
 k - a throwing net (quivered)
Armour
 c - a +1 helmet (worn)
 d - a +0 chain mail (worn)
Jewellery
 l - a +6 ring of strength (left claw)
 m - an amulet of guardian spirit (around neck)
 q - a +6 ring of intelligence (right claw)
Scrolls
 a - a scroll of enchant weapon
 b - 2 scrolls of teleportation
Potions
 e - a potion of resistance
 f - a potion of flight
 g - a potion of brilliance
 i - a potion of curing


   Skills:
 + Level 6.8 Fighting
 + Level 4.7 Armour
 + Level 5.6 Dodging
 - Level 2.1 Stealth
 * Level 9.1 Unarmed Combat


You had 8 spell levels left.
You didn't know any spells.
Your spell library contained the following spells:

 Spells                   Type           Power      Damage    Failure   Level
 Sting                    Tmut/Pois      0%         1d3       96%         1
 Ensorcelled Hibernation  Hex/Ice        0%         N/A       99%         2
 Passwall                 Tmut/Erth      0%         N/A       99%         2
 Poisonous Vapours        Pois/Air       0%         N/A       99%         2
 Frozen Ramparts          Ice            0%         1d2       100%        3
 Gell's Gravitas          Tloc           0%         N/A       100%        3
 Lesser Beckoning         Tloc           0%         N/A       100%        3
 Swiftness                Air            0%         N/A       100%        3
 Teleport Other           Tloc           0%         N/A       100%        3
 Olgreb's Toxic Radiance  Pois           0%         N/A       100%        4
 Summon Ice Beast         Ice/Summ       0%         N/A       100%        4
 Summon Lightning Spire   Summ/Air       0%         N/A       100%        4
 Maxwell's Capacitive Co  Air            0%         ∞         100%        8
 Ice Form                 Ice/Tmut       Unusable   N/A       N/A         4
 Storm Form               Tmut/Air       Unusable   N/A       N/A         7

Dungeon Overview and Level Annotations

Branches:
Dungeon (8/15)             Temple (1/1) D:4
   Lair: D:8-11

Altars:
Ashenzari
Elyvilon
Fedhas
Gozag
Hepliaklqana
Kikubaaqudgha
Makhleb
Nemelex Xobeh
Okawaru
Qazlal
Ru
Sif Muna
Trog
Uskayaw
Vehumet
Wu Jian
Yredelemnul
The Shining One

Shops:
D:5 (   D:6 *


Innate Abilities, Weirdness & Mutations

You thrive by killing the living.
You are immune to poison.
You have sharp fingernails.
Your flesh is cold resistant. (rC+)
You are immune to negative energy. (rN+++)
You do not regenerate when monsters are visible.
You are immune to unholy pain and torment.


Message History

Found a stone staircase leading up.
A two-headed ogre comes into view.
It is wielding a +0 giant spiked club and a +0 giant club.
Things that are here:
a +0 dagger; a +0 leather armour It was a potion of heal wounds.
You feel much better.
It was a potion of degeneration.
There was something very wrong with that liquid.
You feel weakened.
You feel dopey.
You feel clumsy.
It was a potion of magic.
Magic courses through your body.
It was a potion of attraction.
You feel attractive to monsters.
The two-headed ogre is attracted toward you.
There is a stone staircase leading up here.
The howler monkey zombie hits you.
The two-headed ogre hits you with a +0 giant spiked club.
The two-headed ogre hits you with a +0 giant club!
You climb upwards.
There is a stone staircase leading down here.
You claw the two-headed ogre!
The two-headed ogre is lightly wounded.
You claw the two-headed ogre!
The two-headed ogre is moderately wounded.
The two-headed ogre hits you with a +0 giant spiked club!!
The two-headed ogre misses you.
You scratch the two-headed ogre but do no damage.
The two-headed ogre is moderately wounded.
The two-headed ogre hits you with a +0 giant spiked club!!
* * * LOW HITPOINT WARNING * * *
The two-headed ogre closely misses you.
The two-headed ogre is attracted toward you.
There is a stone staircase leading up here.
The two-headed ogre barely misses you.
The two-headed ogre completely misses you.
The two-headed ogre is attracted toward you.
You feel less attractive to monsters.
There is a stone staircase leading up here.
The two-headed ogre hits you with a +0 giant spiked club.
* * * LOW HITPOINT WARNING * * *
The two-headed ogre hits you with a +0 giant club!!
You die...

.....................# #....###
........#............# ##......
#......###...[.......# ##....##
..#...## #...........# ##....##.
.###..## ##....#.....####.....##.
## #...####..<.##.....##...##....
# #.....##........##.....#####..
#.####......O..######..# ##. #
##.# ##.##...@.# #.## ##. ###.##
#.###..##.# #.## #.. ....# ##.#
#..#..### #..#####.#
....####..###.#.....####....#....
.....##.........###..##.####.....
...............## ##...## #......
..............## ##..#.## #..##..
.......#####..# #..###.###.###.#
..............## #.## #..#..# #.#


You could see a two-headed ogre.

Vanquished Creatures
  A steam dragon (D:7)
  Edmund (D:5)
  Duvessa (D:7)
  3 black bears
  A sky beast (D:7)
  A necrophage (D:8)
  3 ogres
  A phantom (D:6)
  A gnoll sergeant (D:6)
  2 bullfrogs
  A wyvern skeleton (D:7)
  A water moccasin skeleton (D:4)
  Dowan (D:7)
  A howler monkey (D:7)
  2 hounds (D:5)
  A gnoll shaman (D:7)
  A jelly (D:6)
  An orc priest (D:6)
  Jessica (D:2)
  2 centaur skeletons
  2 orc wizards (D:6)
  An iguana (D:5)
  Terence (D:2)
  2 killer bee zombies
  13 gnolls
  5 adders
  A howler monkey skeleton (D:5)
  4 river rats (D:3)
  An ufetubus (D:5)
  6 dart slugs
  14 orcs
  11 ball pythons
  7 bats
  6 endoplasms
  5 giant cockroaches
  13 goblins
  4 hobgoblins
  3 jackals (D:2)
  11 kobolds
  3 quokkas
  4 frilled lizards
  11 rats
155 creatures vanquished.

Notes
Turn   | Place    | Note
-------+----------+-------------------------------------------
     0 | D:1      | riojii the Ghoul Monk began the quest for the Orb.
     0 | D:1      | Reached XP level 1. HP: 19/19 MP: 0/0
   259 | D:1      | Reached XP level 2. HP: 26/26 MP: 1/1
   615 | D:1      | Reached XP level 3. HP: 31/31 MP: 2/2
   835 | D:1      | Reached skill level 1 in Armour
  1308 | D:2      | Reached skill level 4 in Unarmed Combat
  1389 | D:2      | Found a sparkling altar of Nemelex Xobeh.
  1515 | D:2      | Reached XP level 4. HP: 34/40 MP: 3/3
  1577 | D:2      | Noticed Jessica
  1597 | D:2      | Killed Jessica
  1884 | D:2      | Noticed Terence
  1896 | D:2      | Killed Terence
  1897 | D:2      | Reached XP level 5. HP: 26/46 MP: 4/4
  2426 | D:3      | You fall into a shaft and drop 1 floor!
  2879 | D:3      | Found a faded altar of an unknown god.
  3125 | D:3      | Reached skill level 5 in Unarmed Combat
  3144 | D:3      | Reached XP level 6. HP: 46/53 MP: 5/5
  3775 | D:4      | Noticed a black bear
  3789 | D:4      | Killed a black bear
  4282 | D:4      | Reached skill level 6 in Unarmed Combat
  4282 | D:4      | Reached XP level 7. HP: 25/60 MP: 6/6
  4708 | D:4      | Found a staircase to the Ecumenical Temple.
  4723 | Temple   | Entered the Ecumenical Temple
  4779 | Temple   | Became a worshipper of Makhleb the Destroyer
  4779 | Temple   | Reached * piety under Makhleb
  4779 | Temple   | Reached ** piety under Makhleb
  4994 | D:5      | Entered Level 5 of the Dungeon
  5003 | D:4      | Reached skill level 5 in Fighting
  5235 | D:5      | Found Neyff's Weapon Shoppe.
  5514 | D:5      | Found a radiant altar of Vehumet.
  5548 | D:5      | Noticed Edmund
  5556 | D:5      | Killed Edmund
  5557 | D:5      | Reached XP level 8. HP: 47/68 MP: 4/7
  5846 | D:6      | Reached skill level 7 in Unarmed Combat
  6233 | D:6      | Found Ihoimmil's Assorted Antiques.
  6453 | D:6      | Reached skill level 5 in Dodging
  6986 | D:7      | HP: 1/70 [steam dragon/ball of steam (9)]
  6988 | D:7      | Reached skill level 8 in Unarmed Combat
  7545 | D:7      | Reached XP level 9. HP: 68/77 MP: 4/8
  8049 | D:7      | Noticed Duvessa
  8051 | D:7      | Noticed Dowan
  8068 | D:7      | Killed Duvessa
  8080 | D:7      | Killed Dowan
  9154 | D:8      | Reached skill level 9 in Unarmed Combat
  9340 | D:8      | Noticed a two-headed ogre
  9350 | D:7      | HP: 2/78 [two-headed ogre (28)]
  9386 | D:7      | HP: 1/78 [two-headed ogre (1)]
  9386 | D:7      | Mangled by a two-headed ogre

Illustrated notes

Levels and vault maps discovered:
D:1:      kilobyte_arrival_exit_the_forest, layout_basic, serial_bayou_pond_e,
          st_stairs_3
D:2:      layout_loops_ring, basic_altar, chequers_serial_rivers_large_b,
          uniq_terence, uniq_jessica
D:3:      layout_basic, portal_sewer_entry_b, hellmonk_ecumenical_altar_zigzags,
          serial_aquarium, aquarium_bridge_straight [aquarium_subvault_bridge,
          aquarium_subvault_wall, aquarium_subvault_bridge,
          aquarium_subvault_wall], aquarium_bridge_island_small
          [aquarium_subvault_small_open, aquarium_subvault_bridge,
          aquarium_subvault_wall, aquarium_subvault_balcony,
          aquarium_subvault_bridge], aquarium_window_2, aquarium_window_1,
          aquarium_view_2b, aquarium_view_2e
D:4:      layout_loops_ring, minmay_temple_entry_slanted, chequers_garden,
          roderic_roman_lattice, mrwooster_statue_mirror
D:5:      layout_basic, gammafunk_temple_overflow_pools, serial_shops,
          nicolae_shop_advertising_works [nicolae_subvault_shop_adworks],
          hex_tiny, uniq_edmund
D:6:      layout_rooms, serial_shops, nicolae_shop_hallway_plus,
          nicolae_sextant, minmay_stone_trees_small
D:7:      layout_layer_cave, enter_bailey_3, uniq_duvessa
D:8:      layout_cave_pods, lemuel_round_altar, chei_slow_surprise
Temple:   nicolae_temple_x_marks_the_god

Skill      XL: |  1  2  3  4  5  6  7  8  9 |
---------------+----------------------------+-----
Armour         | 1 2 3 4 |  4.7
Dodging        | 3 4 5 |  5.6
Unarmed Combat | 4 5 6 8 9 |  9.1
Fighting       | 4 5 6 |  6.8
Stealth        | |  2.1

Action                   |  1- 3 |  4- 6 |  7- 9 || total
-------------------------+-------+-------+-------++-------
Melee: Unarmed           |   103 |   219 |   247 ||   569
       Punch             |     3 |     4 |    13 ||    20
  Use: Scroll            |     4 |     4 |     7 ||    15
       Potion            |       |     1 |     6 ||     7
 Stab: Sleeping          |     3 |       |       ||     3
Armor: Robe              |     8 |       |       ||     8
       Ring mail         |    13 |    11 |       ||    24
       Chain mail        |       |    93 |   112 ||   205
Dodge: Dodged            |    58 |    77 |   138 ||   273

Table legend: (Time is in decaauts)
 A = Elapsed time spent in this place.
 B = Non-inter-level travel time spent in this place.
 C = Inter-level travel time spent in this place.
 D = Time resting spent in this place.
 E = Time spent auto-exploring this place.
 F = Levels seen in this place.
 G = Mean time per level.
                   A        B        C        D        E       F      G
               +--------+--------+--------+--------+--------+-----+--------+
         Total |   9348 |   9137 |    211 |   1145 |   6677 |   9 | 1038.7 |
       Dungeon |   9281 |   9081 |    200 |   1145 |   6631 |   8 | 1160.1 |
        Temple |     66 |     56 |     10 |      0 |     46 |   1 |   66.0 |
               +--------+--------+--------+--------+--------+-----+--------+

Top non-repeatable levels by time:
     D:7: 2108 daAuts
     D:3: 1478 daAuts
     D:1: 1300 daAuts
     D:6: 1188 daAuts
     D:2: 1151 daAuts
     D:4: 1012 daAuts
     D:5: 976 daAuts
  Temple: 66 daAuts
     D:8: 65 daAuts
